 Dungeon Crawl Stone Soup version 0.26.0-18-gc5c842f807 (webtiles) character file.

Game seed: 2059206837805490691

70 canine the Sneak (level 4, -1/32 HPs)
             Began as a Gnoll Enchanter on Jan 23, 2021.
             Slain by a worm (8 damage)
             ... on level 3 of the Dungeon.
             The game lasted 00:01:48 (2748 turns).

canine the Sneak (Gnoll Enchanter)                  Turns: 2748, Time: 00:01:49

Health: -1/32      AC:  2    Str: 11    XL:     4   Next: 21%
Magic:  11/11      EV: 15    Int: 17    God:
Gold:   157        SH:  0    Dex: 16    Spells: 1/13 levels left

rFire    . . .     SeeInvis .   a - +1 dagger
rCold    . . .     Faith    .   (no shield)
rNeg     . . .     Spirit   .   b - +0 robe
rPois    .         Reflect  .   (no helmet)
rElec    .         Harm     .   (no cloak)
rCorr    .         Rampage  .   (no gloves)
Will     .....                  (no boots)
Stlth    +++.......             k - amulet of the acrobat
HPRegen  0.10/turn              (no ring)
MPRegen  0.12/turn              (no ring)

@: no status effects
A: distributed training, fangs 1, strong nose
a: no special abilities


You were on level 3 of the Dungeon.
You visited 1 branch of the dungeon, and saw 3 of its levels.

You collected 157 gold pieces.

Inventory:

Hand Weapons
 a - a +1 dagger (weapon)
Missiles
 h - 12 poisoned darts (quivered)
Armour
 b - a +0 robe (worn)
Jewellery
 k - an amulet of the acrobat (around neck)
Scrolls
 d - a scroll of magic mapping {unknown}
 f - a scroll of enchant weapon {unknown}
 j - 4 scrolls of remove curse
 n - 2 scrolls of immolation
Potions
 c - a potion of might {unknown}
 e - a potion of degeneration {unknown}
 g - 4 potions of curing
 l - 2 potions of brilliance
 m - a potion of heal wounds {unknown}
 o - a potion of lignification {unknown}


   Skills:
 + Level 1.0 Fighting
 + Level 2.7 Short Blades
 + Level 1.0 Long Blades
 + Level 1.0 Axes
 + Level 1.0 Maces & Flails
 + Level 1.0 Polearms
 + Level 1.0 Staves
 + Level 1.0 Slings
 + Level 1.0 Bows
 + Level 1.0 Crossbows
 + Level 1.0 Throwing
 + Level 1.0 Armour
 + Level 4.6 Dodging
 + Level 6.0 Stealth
 + Level 1.0 Shields
 + Level 1.0 Unarmed Combat
 + Level 5.0 Spellcasting
 + Level 0.8 Conjurations
 + Level 5.4 Hexes
 + Level 0.8 Summonings
 + Level 0.8 Necromancy
 + Level 0.8 Translocations
 + Level 0.8 Transmutations
 + Level 0.8 Fire Magic
 + Level 0.8 Ice Magic
 + Level 0.8 Air Magic
 + Level 0.8 Earth Magic
 + Level 0.8 Poison Magic
 + Level 1.1 Invocations
 + Level 1.0 Evocations


You had one spell level left.
You knew the following spells:

 Your Spells              Type           Power        Failure   Level
a - Confusing Touch       Hex            22%          4%          3
b - Corona                Hex            24%          1%          1
c - Dazzling Flash        Conj/Hex       30%          12%         3
d - Ensorcelled Hibernat  Hex/Ice        30%          6%          2
e - Tukima's Dance        Hex            22%          4%          3

Your spell library contained the following spells:

 Spells                   Type           Power        Failure   Level


Dungeon Overview and Level Annotations

Branches:
Dungeon (3/15)

Altars:


Innate Abilities, Weirdness & Mutations

Your experience applies equally to all skills.
You have very sharp teeth.
Your uncanny sense of smell can sniff out nearby items.


Message History

The worm is moderately wounded.
The rat closely misses you.
You hit the worm.
The worm is moderately wounded.
The worm bites you.
* * * LOW HITPOINT WARNING * * *
You hit the worm.
The worm is heavily wounded.
The rat barely misses you.
You barely miss the worm.
The worm is heavily wounded.
The rat completely misses you. The worm barely misses you.
You hit the worm.
The worm is heavily wounded.
The rat bites you.
* * * LOW HITPOINT WARNING * * *
You hit the worm but do no damage.
The worm is heavily wounded.
The rat closely misses you. The worm bites you!
You die...

........ ...r#
#.....$. .... #
.#...#. ...##..
∆.....∆ .......
.... ....... #..
## ....# #r# ..#.
.g..# #### #@#
###.... ...)# #
... #w##...#...
....# #.
#.##.#........
...## #.#
#...?.w.......
..##
#..###..#.........
###
#..##............
#...............
##<.........#...
#.....####.# ..


You could see a worm and a rat.

Vanquished Creatures
  2 adders
  3 dart slugs
  A leopard gecko (D:1)
  An orc (D:3)
  2 ball pythons
  A giant cockroach (D:2)
  3 goblins
  2 hobgoblins
  3 quokkas
  6 bats
  5 frilled lizards
  11 kobolds
  7 rats
47 creatures vanquished.

Notes
Turn   | Place    | Note
-------+----------+-------------------------------------------
     0 | D:1      | canine the Gnoll Enchanter began the quest for the Orb.
     0 | D:1      | Reached XP level 1. HP: 13/13 MP: 6/6
   398 | D:1      | Reached XP level 2. HP: 17/19 MP: 7/7
  1055 | D:1      | Learned a level 2 spell: Ensorcelled Hibernation
  1460 | D:1      | Reached XP level 3. HP: 25/25 MP: 9/9
  1464 | D:1      | Learned a level 3 spell: Confusing Touch
  1468 | D:1      | Learned a level 3 spell: Tukima's Dance
  1560 | D:2      | Reached skill level 5 in Spellcasting
  1583 | D:2      | Learned a level 3 spell: Dazzling Flash
  1638 | D:2      | Reached skill level 6 in Stealth
  1683 | D:2      | Reached skill level 1 in Invocations
  2292 | D:2      | Reached skill level 1 in Fighting
  2292 | D:2      | Reached skill level 1 in Long Blades
  2292 | D:2      | Reached skill level 1 in Axes
  2292 | D:2      | Reached skill level 1 in Maces & Flails
  2292 | D:2      | Reached skill level 1 in Polearms
  2292 | D:2      | Reached skill level 1 in Staves
  2292 | D:2      | Reached skill level 1 in Slings
  2292 | D:2      | Reached skill level 1 in Bows
  2292 | D:2      | Reached skill level 1 in Crossbows
  2292 | D:2      | Reached skill level 1 in Throwing
  2292 | D:2      | Reached skill level 1 in Armour
  2292 | D:2      | Reached skill level 1 in Shields
  2292 | D:2      | Reached skill level 1 in Unarmed Combat
  2292 | D:2      | Reached skill level 1 in Evocations
  2705 | D:3      | Reached XP level 4. HP: 25/32 MP: 11/11
  2748 | D:3      | Slain by a worm

Illustrated notes

Levels and vault maps discovered:
D:1:      erik_arrival_triangle_huge, layout_basic
D:2:      layout_basic
D:3:      layout_rooms, ashenzari_altar_1, kennysheep_generic_room_8

Skill      XL: |  1  2  3 |
---------------+----------+-----
Spellcasting   | 5 |  5.0
Stealth        | 6 |  6.0
Invocations    | 1 |  1.1
Fighting       | 1 |  1.0
Long Blades    | 1 |  1.0
Axes           | 1 |  1.0
Maces & Flails | 1 |  1.0
Polearms       | 1 |  1.0
Staves         | 1 |  1.0
Slings         | 1 |  1.0
Bows           | 1 |  1.0
Crossbows      | 1 |  1.0
Throwing       | 1 |  1.0
Armour         | 1 |  1.0
Shields        | 1 |  1.0
Unarmed Combat | 1 |  1.0
Evocations     | 1 |  1.0
Short Blades   | |  2.7
Dodging        | |  4.6
Conjurations   | |  0.8
Hexes          | |  5.4
Summonings     | |  0.8
Necromancy     | |  0.8
Translocations | |  0.8
Transmutations | |  0.8
Fire Magic     | |  0.8
Ice Magic      | |  0.8
Air Magic      | |  0.8
Earth Magic    | |  0.8
Poison Magic   | |  0.8

Action                   |  1- 3 |  4- 6 || total
-------------------------+-------+-------++-------
Melee: Dagger            |   133 |    36 ||   169
       Bite              |    10 |     1 ||    11
 Cast: Confusing Touch   |     1 |       ||     1
  Use: Scroll            |     4 |       ||     4
 Stab: Sleeping          |    15 |       ||    15
       Distracted        |     1 |       ||     1
       Confused          |     1 |       ||     1
Armor: Robe              |     7 |    10 ||    17
Dodge: Dodged            |    85 |    40 ||   125
